 Dungeon Crawl Stone Soup version 0.30-a0-765-g3161bf10a1 (webtiles) character file.

Game seed: 16338390735538330852

11 BRD the Ducker (level 2, 22/22 HPs)
             Began as a Demonspawn Gladiator on Feb 12, 2023.
             Quit the game on level 1 of the Dungeon.
             The game lasted 00:00:31 (194 turns).

BRD the Ducker (Demonspawn Gladiator)                Turns: 194, Time: 00:00:31

Health: 22/22      AC:  4    Str: 14    XL:     2   Next: 17%
Magic:  2/2        EV: 12    Int:  9    God:
Gold:   0          SH:  0    Dex: 14    Spells: 1/1 levels left

rFire   . . .      SeeInvis .    a - +0 war axe
rCold   . . .      Faith    .    (no shield)
rNeg    . . .      Spirit   .    b - +0 leather armour
rPois   .          Reflect  .    c - +0 helmet
rElec   .          Harm     .    (no cloak)
rCorr   .          Rampage  .    (no gloves)
Will    .....                    (no boots)
Stlth   +                        (no amulet)
HPRegen 0.23/turn                (no ring)
MPRegen 0.08/turn                (no ring)

@: no status effects
A: weakness stinger 1
a: no special abilities


You were on level 1 of the Dungeon.
You visited 1 branch of the dungeon, and saw 1 of its levels.

Inventory:

Hand Weapons
 a - a +0 war axe (weapon)
Missiles
 d - 3 throwing nets (quivered)
 e - a javelin
Armour
 b - a +0 leather armour (worn)
 c - a +0 helmet (worn)
Scrolls
 h - a scroll of teleportation {unknown}
Potions
 f - a potion of ambrosia {unknown}
 g - a potion of curing {unknown}


   Skills:
 + Level 2.2 Fighting
 + Level 2.8 Axes
 - Level 2.0 Throwing
 + Level 2.9 Dodging


You had one spell level left.
You didn't know any spells.
Your spell library was empty.

Dungeon Overview and Level Annotations

Branches:
Dungeon (1/15)

Altars:


Innate Abilities, Weirdness & Mutations

You have a small tail.


Message History

The goblin hits you with a +0 dagger.
You slash the goblin!
You kill the goblin!
Training target 2.0 for Throwing reached!
Your Throwing skill increases to level 2!
No target in view!
HP restored.
Things that are here:
a +0 dagger; a goblin corpse
f - a green potion You open the door.
There is an open door here.
g - a fizzy clear potion
h - a scroll labelled TIECREI USTRYO A rat and a goblin come into view.
A frilled lizard comes into view.
The frilled lizard moves out of view.
A quokka comes into view.
The goblin shouts!
The frilled lizard bites you but does no damage.
You closely miss the frilled lizard. You hit the goblin but do no damage.
The goblin hits you but does no damage. The frilled lizard closely misses you.
You slash the frilled lizard!
You kill the frilled lizard!
You slash the goblin!
You kill the goblin!
The quokka misses you.
You have reached level 2!
You feel monstrous as your demonic heritage exerts itself.
Your demonic ancestry asserts itself...
You grow a small tail.
You slash the quokka!
You kill the quokka!
The rat misses you.
You closely miss the rat. The rat bites you but does no damage.
You slash the rat!
You kill the rat!
No target in view!
No target in view!
Are you sure you want to abandon this character and quit the game? (Confirm with "yes".)

#.......# #.# ......#
#.......# #.# ......#
........# #.# .......
........# #.# .......
..####### #.# .......
..# #.##......#
..############.#.###....
................†.......
...............#@###.#..
..##.....#######.#
...#..... #....).......
##.# .............##.#.#
##.# ............# ##.#
............# ##.#
..........
##.#####+#######+##
##.......#


There were no monsters in sight!

Vanquished Creatures
  A bat (D:1)
  A giant cockroach (D:1)
  3 goblins (D:1)
  A hobgoblin (D:1)
  A quokka (D:1)
  A frilled lizard (D:1)
  A kobold (D:1)
  A rat (D:1)
10 creatures vanquished.

Notes
Turn   | Place    | Note
-------+----------+-------------------------------------------
     0 | D:1      | BRD the Demonspawn Gladiator began the quest for the Orb.
     0 | D:1      | Reached XP level 1. HP: 16/16 MP: 1/1
   190 | D:1      | Discovered your monstrous ancestry.
   190 | D:1      | Gained mutation: You have a small tail. [demonic ancestry]
   190 | D:1      | Reached XP level 2. HP: 22/22 MP: 2/2
   194 | D:1      | Quit the game

Illustrated notes

Levels and vault maps discovered:
D:1:      mainiacjoe_arrival_reflecting_pool, layout_basic

Skill      XL: |  1 |
---------------+----+-----
Throwing       | 2 |  2.0
Fighting       | |  2.2
Axes           | |  2.8
Dodging        | |  2.9

Action                     || total
---------------------------++-------
  Melee: War axe           ||    25
 Armour: Leather armour    ||    11
  Dodge: Dodged            ||    18

Table legend: (Time is in decaauts)
 A = Elapsed time spent in this place.
 B = Non-inter-level travel time spent in this place.
 C = Inter-level travel time spent in this place.
 D = Time resting spent in this place.
 E = Time spent auto-exploring this place.
 F = Levels seen in this place.
 G = Mean time per level.
                   A        B        C        D        E       F      G
               +--------+--------+--------+--------+--------+-----+--------+
         Total |    203 |    203 |      0 |      0 |    144 |   1 |  203.0 |
       Dungeon |    203 |    203 |      0 |      0 |    144 |   1 |  203.0 |
               +--------+--------+--------+--------+--------+-----+--------+

Top non-repeatable levels by time:
     D:1: 203 daAuts
